AoeStats
← MateDu05

MegaRandom

509529147Analyzed
2v2 RM · 6d ago on Sep 27, 2026· 147m 23s· 4 players
Game mode
Random Map
Map size
Medium (4 player)
Population
200
Speed
Normal
Resources
Standard
Victory
Conquest
Starting age
Dark Age
Ending age
Imperial Age
RankedLock teamsTeams togetherTeam positionsShared explorationLock speedFull tech treeHidden civsTurbo modeCheats
Victory
Defeat
🇨🇴 Persians · Colombia
719
+18
🇨🇴 Aztecs · Colombia
718
+19
🇪🇨 Huns · Ecuador
783
-19
🇪🇨 Spanish · Ecuador
764
-31
Spartan Bog1460
2:04 Loom
11:33 Feudal Age
11:59 Double-Bit Axe
23:26 Castle Age
22:40 Scale Barding Armor
26:01 Fletching
26:22 Forging
26:32 Gold Mining
26:24 Horse Collar
27:01 Crossbowman
27:44 Husbandry
28:40 Bloodlines
28:31 Padded Archer Armor
30:05 Town Watch
30:59 Wheelbarrow
36:01 Thumb Ring
38:29 Hand Cart
38:33 Leather Archer Armor
38:39 Chain Barding Armor
40:50 Town Patrol
41:40 Bodkin Arrow
42:14 Ballistics
43:02 Iron Casting
48:26 Imperial Age
47:40 Masonry
47:27 Murder Holes
57:34 Cavalier
59:23 Chemistry
58:54 Architecture
58:28 Heavy Plow
58:43 Bow Saw
59:16 Gold Shaft Mining
58:31 Stone Mining
59:09 Savar
78:34 Crop Rotation
BZjuega
6:33 Loom
10:19 Feudal Age
11:53 Double-Bit Axe
14:18 Town Watch
21:20 Castle Age
25:02 Squires
24:23 Pikeman
24:26 Eagle Warrior
29:01 Elite Skirmisher
30:39 Wheelbarrow
32:37 Hand Cart
36:47 Town Patrol
38:46 Stone Mining
39:01 Gold Mining
38:57 Horse Collar
39:19 Scale Mail Armor
39:30 Forging
41:04 Padded Archer Armor
40:55 Fletching
41:37 Chain Mail Armor
42:09 Ballistics
41:31 Treadmill Crane
42:50 Gambesons
42:56 Arson
55:58 Imperial Age
60:06 Leather Archer Armor
59:46 Bodkin Arrow
60:23 Plate Mail Armor
60:29 Iron Casting
60:47 Conscription
62:10 Elite Eagle Warrior
64:13 Bracer
67:17 Capped Ram
69:03 Siege Ram
71:13 Fervor
77:48 Blast Furnace
81:30 Man-at-Arms
82:40 Bow Saw
85:51 Chemistry
105:17 Man-at-Arms
125:00 Atlatl
MateDu05
10:11 Feudal Age
11:55 Double-Bit Axe
12:14 Loom
15:41 Forging
20:55 Castle Age
19:47 Fletching
20:57 Padded Archer Armor
21:45 Thumb Ring
21:34 Town Watch
27:08 Wheelbarrow
27:20 Bodkin Arrow
27:47 Gold Mining
30:25 Ballistics
31:32 Leather Archer Armor
31:29 Husbandry
35:48 Marauders
36:17 Horse Collar
37:13 Bloodlines
41:41 Scale Barding Armor
46:12 Light Cavalry
50:30 Imperial Age
49:22 Iron Casting
49:09 Chain Barding Armor
53:57 Parthian Tactics
57:17 Heavy Cavalry Archer
59:06 Hussar
66:41 Blast Furnace
65:41 Bracer
66:17 Plate Barding Armor
68:08 Cavalier
72:06 Chemistry
90:47 Conscription
90:59 Elite Skirmisher
118:10 Heavy Plow
IsmaDu305161
12:11 Feudal Age
14:23 Horse Collar
14:29 Double-Bit Axe
14:57 Gold Mining
Connection lost

Rejoining the realm…

Still unreachable

The connection could not be restored.

Session expired

The server has moved on; the page needs a fresh start.